 Seeded DCSS version 0.30.1-4-g462c640d31 (webtiles) character file.

Game seed: 5 (custom seed)

205 Kazon the Ruffian (level 5, -5/61 (73) HPs)
             Began as a Troll Gladiator on May 31, 2023.
             Was an Initiate of Okawaru.
             Slain by a wight
             ... wielding a +0 scimitar
              (11 damage)
             ... on level 7 of the Dungeon on Aug 24, 2023.
             The game lasted 00:08:45 (2182 turns).

Kazon the Ruffian (Troll Gladiator)                 Turns: 2182, Time: 00:08:45

HP:   -5/61 (73)    AC:  4    Str: 22    XL:     5   Next: 52%
MP:   13/13         EV: 10    Int:  8    God:    Okawaru [......]
Gold: 174           SH:  0    Dex: 11    Spells: 4/4 levels left

rFire   + +          .
                       - Unarmed
rCold   + . .        (no shield)
rNeg    . . .        a - +0 robe
rPois   +            b - +0 hat
rElec   +            (no cloak)
rCorr   +            (gloves unavailable)
SInv    .            (boots unavailable)
Will    .....        (no amulet) Stlth
                     e - ring "Anluedd" {rF+ Int+2}
HPRegen 1.10/turn    r - ring of magical power
MPRegen 0.13/turn

%: no passive effects
@: berserking, resistant, flying, heavily drained, very quick
A: large, unfitting armour, claws 3, regeneration 1, shaggy fur 1, tough skin 1
a: Renounce Religion


You were on level 7 of the Dungeon.
You worshipped Okawaru.
Okawaru was noncommittal.
You visited 2 branches of the dungeon, and saw 6 of its levels.

You collected 174 gold pieces.

Inventory:

Hand Weapons
 u - a +0 war axe
Missiles
 c - 3 throwing nets
 d - a large rock
 f - 12 stones (quivered)
 k - 3 boomerangs
 w - 5 poisoned darts
Armour
 a - a +0 robe (worn)
 b - a +0 hat (worn)
 j - a +0 tower shield
Jewellery
 e - the ring "Anluedd" (left claw) {rF+ Int+2}
   (You acquired it on level 1 of the Dungeon)

   [ring of protection from fire]

   Int:       It affects your intelligence (+2).
   rF:        It protects you from fire.
 r - a ring of magical power (right claw)
Scrolls
 g - a scroll of fog {unknown}
 m - a scroll of blinking {unknown}
 n - a scroll of teleportation {unknown}
 o - a scroll of summoning {unknown}
 p - a scroll of identify {unknown}
 q - a scroll of magic mapping {unknown}
Potions
 l - 2 potions of curing
 v - a potion of invisibility {unknown}


   Skills:
 + Level 2.0 Fighting
 + Level 0.3 Axes
 + Level 2.1 Throwing
 + Level 3.1 Dodging
 + Level 0.4 Stealth
 * Level 1.6 Shields
 + Level 4.5 Unarmed Combat
 * Level 0.5 Invocations


You had 4 spell levels left.
You didn't know any spells.
Your spell library contained the following spells:

 Spells                   Type           Power      Damage    Failure   Level
 Frozen Ramparts          Ice            0%         1d1       78%         3
 Ice Form                 Ice/Tmut       0%         N/A       99%         4
 Summon Ice Beast         Ice/Summ       Unusable   N/A       N/A         4

Dungeon Overview and Level Annotations

Branches:
Dungeon (4/15)             Temple (1/1) D:4

Altars:
Fedhas
Gozag
Okawaru
Qazlal
Trog
Uskayaw
Wu Jian
The Shining One


Innate Abilities, Weirdness & Mutations

You are too large for most types of armour.
You have claws for hands.
Your natural rate of healing is unusually fast.
You are covered in fur. (AC +1)
You have tough skin. (AC +1)


Message History

You see here a +0 flail.
The wight hits you with a +0 scimitar!
You feel drained.
You barely miss the wight. You barely miss the wight.
The wight hits you with a +0 morningstar.
You feel drained. The wight barely misses you.
You barely miss the wight. The wight closely misses you. The wight misses you.
You closely miss the wight. The wight closely misses you.
The wight hits you with a +0 dire flail.
You feel drained.
You scratch the wight.
The wight is moderately damaged.
The wight hits you with a +0 morningstar.
You feel drained.
Okay, then.
You scratch the wight.
The wight is lightly damaged.
The wight closely misses you.
You scratch the wight but do no damage.
The wight is moderately damaged.
The wight hits you with a +0 morningstar.
You feel drained. The wight hits you with a +0 scimitar!
* * * LOW HITPOINT WARNING * * *
You feel drained.
* * * LOW HITPOINT WARNING * * *
It was a potion of magic.
Magic courses through your body. The wight barely misses you. x2
It was a potion of resistance.
You feel protected. The wight barely misses you. x2
It was a potion of flight.
You feel very buoyant.
You fly up into the air.
The wight barely misses you. The wight hits you with a +0 scimitar!
* * * LOW HITPOINT WARNING * * *
It was a potion of berserk rage.
A red film seems to cover your vision as you go berserk!
You feel yourself moving faster!
You feel mighty! The wight closely misses you.
The wight hits you with a +0 scimitar!
You die...

#########..#
#).# #..####
#.....#
#..##.###
#........
#[..#.###
.##.######)....#
......z@zz...###
.##.######?.##
#..# ...# ....
###.# .# .#


You could see 3 wights.

Vanquished Creatures
  A centaur (D:7)
  4 adders
  3 worms
  3 orcs
  4 bats
  9 endoplasms
  A giant cockroach (D:1)
  12 goblins
  6 hobgoblins
  11 jackals
  3 kobolds
  6 ball pythons
  3 frilled lizards
  4 rats
70 creatures vanquished.

Notes
Turn   | Place    | Note
-------+----------+-------------------------------------------
     0 | D:1      | Kazon the Troll Gladiator began the quest for the Orb.
     0 | D:1      | Reached XP level 1. HP: 19/19 MP: 0/0
    31 | D:1      | Identified a scroll of acquirement
    31 | D:1      | Acquired the ring "Anluedd" {rF+ Int+2}
    63 | D:1      | Reached XP level 2. HP: 27/27 MP: 1/1
   583 | D:1      | Reached XP level 3. HP: 35/35 MP: 2/2
  1009 | D:2      | Reached XP level 4. HP: 42/42 MP: 3/3
  1379 | D:2      | Reached skill level 4 in Unarmed Combat
  1386 | D:2      | Reached skill level 1 in Shields
  1610 | D:3      | Found a blossoming altar of Fedhas.
  1712 | D:3      | Found a stormy altar of Qazlal.
  1808 | D:3      | Found a faded altar of an unknown god.
  2010 | D:3      | Identified the +2 sling "Qeuhanocyt" {speed, rElec Str-3
                  | Dex+2}
  2069 | D:4      | Found a staircase to the Ecumenical Temple.
  2077 | Temple   | Entered the Ecumenical Temple
  2085 | Temple   | Upgraded the game from 0.30.0-19-g36f170ea60 to
                  | 0.30.1-4-g462c640d31
  2091 | Temple   | Became a worshipper of Warmaster Okawaru
  2143 | D:4      | You fall into a shaft and drop 3 floors!
  2144 | D:7      | Noticed a centaur
  2151 | D:7      | Killed a centaur
  2152 | D:7      | Reached XP level 5. HP: 36/49 MP: 4/4
  2182 | D:7      | Slain by a wight

Illustrated notes

Levels and vault maps discovered:
D:1:      ebering_trefoil_3fold, layout_basic, st_stairs_14, serial_bayou_ford_a
D:2:      layout_basic, hangedman_decor_growths, minmay_close_crescents
D:3:      layout_rooms, mainiacjoe_overflow_concentric_impassable,
          mainiacjoe_overflow_paths, shapermc_ecumenical_altar_acropolis,
          chequers_serial_rivers_micro_b
D:4:      layout_basic, riverfiend_overflow_shadow_ancestor,
          minmay_temple_entry_glass, uniq_sigmund
D:7:      layout_loops_ring, enter_ossuary_3, roderic_batcave
Temple:   nicolae_temple_elliptical

Skill      XL: |  1  2  3  4 |
---------------+-------------+-----
Throwing       | 2 |  2.1
Dodging        | 3 |  3.1
Unarmed Combat | 4 |  4.5
Shields        | 1 |  1.6
Fighting       | 2 |  2.0
Axes           | |  0.3
Stealth        | |  0.4
Invocations    | |  0.5

Action                     |  1- 3 |  4- 6 || total
---------------------------+-------+-------++-------
  Melee: Unarmed           |    74 |    62 ||   136
         Punch             |     2 |     3 ||     5
         War axe           |       |    11 ||    11
  Throw: Large rock        |     1 |       ||     1
         Stone             |       |     4 ||     4
    Use: Scroll            |     2 |       ||     2
         Potion            |     1 |     4 ||     5
   Stab: Sleeping          |     1 |       ||     1
 Armour: Robe              |    11 |    16 ||    27
  Dodge: Dodged            |    28 |    49 ||    77
